 Dungeon Crawl Stone Soup version 0.24-a0-59-gc4a3eeb (webtiles) character file.

Game seed: 9801326024780291756

4835 Dantiko the Basher (level 10, -6/85 HPs)
             Began as a Troll Gladiator on Feb 5, 2019.
             Was a Priest of the Shining One.
             Mangled by a two-headed ogre
             ... wielding a +0 giant spiked club
              (13 damage)
             ... on level 9 of the Dungeon.
             The game lasted 00:19:08 (7573 turns).

Dantiko the Basher (Troll Gladiator)                Turns: 7573, Time: 00:19:08

Health: -6/85      AC: 17    Str: 24    XL:     10   Next: 25%
Magic:  9/9        EV: 11    Int:  4    God:    the Shining One [***...]
Gold:   180        SH:  0    Dex: 16    Spells: 9/9 levels left

rFire    + . .     SeeInvis .   B - +2 flail (protect)
rCold    . . .     Gourm    +   (no shield)
rNeg     + + .     Faith    .   v - +2 robe of Kiyc {rF+ Dex+2}
rPois    .         Spirit   .   c - +0 hat
rElec    .         Reflect  .   C - +1 cloak
rCorr    .         Harm     .   (gloves unavailable)
MR       .....                  (boots unavailable)
Stlth    +.........             (no amulet)
HPRegen  0.64/turn              p - ring of positive energy
MPRegen  0.11/turn              M - ring of stealth

@: protection aura, glowing
A: large, unfitting armour, claws 3, fast metabolism 3, gourmand, regeneration
1, shaggy fur 1, tough skin 3
a: Divine Shield, Renounce Religion


You were on level 9 of the Dungeon.
You worshipped the Shining One.
The Shining One was most pleased with you.
You were not hungry.

You visited 1 branch of the dungeon, and saw 9 of its levels.

You collected 585 gold pieces.
You spent 405 gold pieces at shops.

Inventory:

Hand Weapons
 u - a +1 whip of flaming
 B - a +2 flail of protection (weapon)
 F - a cursed +0 giant spiked club
Missiles
 a - 3 large rocks
 d - 3 throwing nets
 o - 206 stones (quivered)
 y - 6 javelins
 A - 8 tomahawks
 G - 2 tomahawks of dispersal
 N - 7 tomahawks of returning
Armour
 c - a +0 hat (worn)
 v - the +2 robe of Kiyc (worn) {rF+ Dex+2}
   (You bought it in a shop on level 4 of the Dungeon)

   It affects your dexterity (+2).
   It protects you from fire.
 C - a +1 cloak (worn)
 I - a scarf of cloud immunity
Jewellery
 p - a ring of positive energy (left claw)
 M - a ring of stealth (right claw)
Wands
 x - a wand of flame (31)
 J - a wand of disintegration (18)
Scrolls
 e - 5 scrolls of enchant armour
 h - 4 scrolls of identify
 k - 3 scrolls of teleportation {unknown}
 m - a scroll of fear {unknown}
 n - a scroll of fog {unknown}
 r - 2 scrolls of magic mapping {unknown}
 s - 5 scrolls of remove curse
 t - 8 scrolls of amnesia {unknown}
 D - a scroll of vulnerability {unknown}
 E - a scroll of silence {unknown}
 K - a scroll of immolation
 L - a scroll of holy word
Potions
 b - a potion of berserk rage
 g - 2 potions of magic
 j - a potion of agility {unknown}
 l - 2 potions of might
 q - a potion of cancellation {unknown}
 w - 4 potions of curing
 z - 4 potions of heal wounds
 H - 2 potions of lignification
 O - a potion of haste {unknown}
Comestibles
 f - 10 rations


   Skills:
 - Level 1.6 Fighting
 + Level 13.5 Maces & Flails
 - Level 1.8 Throwing
 - Level 2.5 Dodging


You had 9 spell levels left.
You didn't know any spells.
Your spell library contained the following spells:

 Spells                   Type           Power        Failure   Level  Hunger
 Magic Dart               Conj           #...         50%         1    ##.....
 Blink                    Tloc           N/A          65%         2    ###....
 Call Imp                 Summ           #.......     65%         2    ###....
 Slow                     Hex            #.......     65%         2    ###....
 Conjure Flame            Conj/Fire      #.......     86%         3    ####...
 Mephitic Cloud           Conj/Pois/Air  #.......     86%         3    ####...


Dungeon Overview and Level Annotations

Branches:
Dungeon (9/15)             Temple (0/1) D:6
   Lair: D:8-11         Orc: D:9-12

Altars:
Ashenzari
Dithmenos
Fedhas
Nemelex Xobeh
Qazlal
Ru
Uskayaw
Wu Jian
The Shining One

Shops:
D:4 [   D:6 *   D:8 ?

Annotations:
D:6 1 runed translucent door


Innate Abilities, Weirdness & Mutations

You are too large for most types of armour.
You have claws for hands.
Your metabolism is lightning-fast.
You like to eat raw meat.
Your natural rate of healing is unusually fast.
You are covered in fur. (AC +1)
You have extremely tough skin. (AC +3)


Message History

The two-headed ogre is heavily wounded.
You hit the two-headed ogre but do no damage.
The two-headed ogre is heavily wounded.
The two-headed ogre hits you with a +0 giant spiked club! x2
* * * LOW HITPOINT WARNING * * *
You thump the two-headed ogre!
The two-headed ogre is heavily wounded.
You sock the two-headed ogre!
The two-headed ogre is almost dead.
The two-headed ogre hits you with a +0 giant spiked club!
* * * LOW HITPOINT WARNING * * *
The two-headed ogre hits you with a +0 giant spiked club.
* * * LOW HITPOINT WARNING * * *
You completely miss the two-headed ogre.
The two-headed ogre is almost dead.
You hit the two-headed ogre but do no damage.
The two-headed ogre is almost dead.
The two-headed ogre barely misses you.
The two-headed ogre hits you with a +0 giant spiked club!
You die...

############
#..........#######
#..........#.....#
#..........#....(#
#..........#.)...#
#..........#.....#
#..........'.@...#
#..........#.O...#
#..........#.....#
#..........#.....#
#..........#.....#
#..........#.....#
#..........#.....#
#..........#.....#
## ######.....###


You could see a two-headed ogre.

Vanquished Creatures
  A guardian serpent (D:9)
  Grinder (D:6)
  2 hippogriffs
  5 yaks (D:9)
  A hungry ghost (D:9)
  Edmund (D:4)
  Menkaure (D:6)
  4 ice beasts
  2 orc warriors
  A sky beast (D:6)
  2 phantoms
  4 ogres
  A necrophage (D:8)
  2 centaurs (D:8)
  Blork the orc (D:4)
  A big kobold (D:9)
  A bullfrog (D:8)
  A scorpion (D:7)
  A howler monkey (D:4)
  3 crimson imps
  2 bullfrog zombies
  A quasit (D:6)
  4 hounds
  A centaur skeleton (D:4)
  4 orc priests
  A gnoll shaman (D:5)
  7 orc wizards
  An iguana (D:6)
  A worker ant (D:8)
  Natasha (thrice) (D:2)
  Ijyb (D:3)
  Robin (D:4)
  4 gnolls (D:5)
  A howler monkey skeleton (D:4)
  8 adders
  2 shadow imps
  4 oozes
  2 adder skeletons
  3 worms (D:3)
  4 dart slugs
  4 leopard geckos
  38 orcs
  8 giant cockroaches
  12 goblins
  15 hobgoblins
  10 jackals
  14 kobolds
  4 quokkas
  6 bats
  6 frilled lizards
  A leopard gecko zombie (D:5)
  A quokka skeleton (D:4)
  12 rats
222 creatures vanquished.

Vanquished Creatures (others)
  An orc wizard (D:3)
1 creature vanquished.

Grand Total: 223 creatures vanquished

Notes
Turn   | Place    | Note
-------+----------+-------------------------------------------
     0 | D:1      | Dantiko the Troll Gladiator began the quest for the Orb.
     0 | D:1      | Reached XP level 1. HP: 19/19 MP: 0/0
   118 | D:1      | Reached skill level 3 in Maces & Flails
   118 | D:1      | Reached XP level 2. HP: 27/27 MP: 1/1
   480 | D:1      | Found a shattered altar of Ashenzari.
   591 | D:1      | Reached XP level 3. HP: 27/33 MP: 2/2
  1150 | D:2      | Reached skill level 4 in Maces & Flails
  1178 | D:2      | Found an ornate altar of the Wu Jian Council.
  1397 | D:2      | Reached XP level 4. HP: 41/41 MP: 3/3
  1519 | D:2      | Found a sparkling altar of Nemelex Xobeh.
  1519 | D:2      | Noticed Natasha
  1527 | D:2      | Killed Natasha
  1730 | D:2      | Noticed Natasha
  1734 | D:2      | Killed Natasha
  1734 | D:2      | Reached skill level 5 in Maces & Flails
  1959 | D:2      | Noticed Natasha
  1963 | D:2      | Killed Natasha
  1963 | D:2      | Reached XP level 5. HP: 42/48 MP: 4/4
  2034 | D:3      | Found a sacrificial altar of Ru.
  2380 | D:3      | Reached skill level 6 in Maces & Flails
  2380 | D:3      | Reached XP level 6. HP: 46/55 MP: 5/5
  2490 | D:3      | Found a shadowy altar of Dithmenos.
  2706 | D:3      | Found a glowing golden altar of the Shining One.
  2707 | D:3      | Found a stormy altar of Qazlal.
  2707 | D:3      | Found a shattered altar of Ashenzari.
  2709 | D:3      | Became a worshipper of the Shining One
  2924 | D:4      | Found Cushrene's Antique Armour Boutique.
  2924 | D:4      | Noticed Ijyb
  3100 | D:3      | Killed Ijyb
  3205 | D:4      | Bought a dull robe for 148 gold pieces
  3215 | D:4      | Identified the +2 robe of Kiyc {rF+ Dex+2} (You bought it
                  | in a shop on level 4 of the Dungeon)
  3222 | D:4      | Found a hide-covered altar of Uskayaw.
  3346 | D:4      | Noticed Blork the orc
  3379 | D:4      | Killed Blork the orc
  3379 | D:4      | Reached skill level 7 in Maces & Flails
  3379 | D:4      | Reached XP level 7. HP: 20/62 MP: 6/6
  3484 | D:4      | Noticed Robin
  3491 | D:4      | Killed Robin
  3512 | D:4      | Reached * piety under the Shining One
  3567 | D:4      | Noticed Edmund
  3578 | D:4      | Killed Edmund
  3593 | D:4      | Reached skill level 8 in Maces & Flails
  3880 | D:5      | Entered Level 5 of the Dungeon
  3948 | D:5      | Found a blossoming altar of Fedhas.
  4607 | D:6      | Reached skill level 9 in Maces & Flails
  4607 | D:6      | Reached XP level 8. HP: 70/70 MP: 7/7
  4622 | D:6      | Found Gyaruad's Assorted Antiques.
  4676 | D:6      | Noticed Grinder
  4680 | D:6      | Paralysed by Grinder for 6 turns
  4690 | D:6      | Paralysed by Grinder for 4 turns
  4699 | D:6      | Killed Grinder
  4857 | D:6      | Reached skill level 10 in Maces & Flails
  4861 | D:6      | Found a runed translucent door.
  5047 | D:6      | Reached ** piety under the Shining One
  5162 | D:6      | Noticed Menkaure
  5171 | D:6      | Killed Menkaure
  5388 | D:6      | Found a staircase to the Ecumenical Temple.
  6191 | D:8      | Reached XP level 9. HP: 78/78 MP: 8/8
  6198 | D:8      | Reached skill level 11 in Maces & Flails
  6531 | D:8      | Found Met Edud's Magic Scroll Emporium.
  6539 | D:8      | Bought a scroll of immolation for 38 gold pieces
  6539 | D:8      | Bought a scroll of remove curse for 33 gold pieces
  6539 | D:8      | Bought a scroll of enchant armour for 82 gold pieces
  6539 | D:8      | Bought a scroll of identify for 22 gold pieces
  6539 | D:8      | Bought a scroll of holy word for 82 gold pieces
  6773 | D:8      | Reached skill level 12 in Maces & Flails
  7130 | D:9      | Reached skill level 13 in Maces & Flails
  7130 | D:9      | Reached XP level 10. HP: 78/85 MP: 9/9
  7321 | D:9      | Noticed a guardian serpent
  7328 | D:9      | Killed a guardian serpent
  7534 | D:9      | Reached *** piety under the Shining One
  7555 | D:9      | Noticed a two-headed ogre
  7573 | D:9      | Mangled by a two-headed ogre

Vault maps used:
D:1:      co_arrival_square_in_a_square_in_a_square, serial_curves,
          eino_curves_03, eino_curves_02, eino_curves_01,
          nicolae_ashenzari_panopticon
D:2:      marbit_many_paths, nemelex_xobeh_ov_fountains_minmay, uniq_natasha
D:3:      minitemple, nicolae_ru_great_annihilating_truth,
          lemuel_coloured_pillars_altar, first_ration,
          chequers_serial_rivers_small_a, glass_columns_a, patterned_corridor
D:4:      eat_drink_and_be_merry_uskayaw, serial_shops, shop_fountains,
          kennysheep_generic_room_6, uniq_edmund, uniq_blork_the_orc, uniq_ijyb,
          uniq_robin
D:5:      minivault_23, fedhas_altar_2
D:6:      temple_hall, serial_shops, shop, chequers_avenue, grunt_ministairs_8,
          dk_yredelemnul_ordeal, uniq_menkaure, uniq_grinder
D:8:      special_room, serial_shops, kennysheep_little_box
D:9:      kennysheep_mini, nrook_guardian_serpent_double, uniq_harold

Skill      XL: |  1  2  3  4  5  6  7  8  9 |
---------------+----------------------------+-----
Maces & Flails | 3 4 5 6 7 9 10 13 | 13.5
Fighting       | |  1.6
Throwing       | |  1.8
Dodging        | |  2.5

Action                   |  1- 3 |  4- 6 |  7- 9 | 10-12 || total
-------------------------+-------+-------+-------+-------++-------
Melee: Flail             |   144 |    80 |   351 |    95 ||   670
       Whip              |       |   122 |       |       ||   122
Throw: Stone             |       |       |     1 |       ||     1
  Use: Scroll            |       |       |     8 |       ||     8
 Stab: Sleeping          |     6 |       |       |       ||     6
       Paralysed         |       |     2 |       |       ||     2
  Eat: Chunk             |    19 |    18 |    35 |     5 ||    77
Armor: Robe              |    65 |    54 |   150 |    30 ||   299
Dodge: Dodged            |    84 |   102 |   157 |    43 ||   386

Table legend:
 A = Non-vault XP
 B = Vault XP
 C = Vault XP percentage of total XP
 D = Non-vault monster count
 E = Vault monster count
 F = Vault count percentage of total count
                 A         B        C        D         E       F
            +---------+---------+-------+---------+---------+-------
      Total |    5363 |    1545 |  22.4 |     179 |      44 |  19.7
            +---------+---------+-------+---------+---------+-------
        D:1 |      50 |       0 |   0.0 |      23 |       0 |   0.0
        D:2 |     119 |      48 |  28.7 |      27 |       2 |   6.9
        D:3 |     229 |      78 |  25.4 |      38 |       5 |  11.6
        D:4 |     235 |     301 |  56.2 |      13 |      16 |  55.2
        D:5 |     346 |       0 |   0.0 |      18 |       0 |   0.0
        D:6 |     409 |     474 |  53.7 |       9 |       5 |  35.7
        D:7 |     172 |       0 |   0.0 |       6 |       0 |   0.0
        D:8 |    1347 |     210 |  13.5 |      18 |      15 |  45.5
        D:9 |    2456 |     434 |  15.0 |      27 |       1 |   3.6
            +---------+---------+-------+---------+---------+-------
